 Dungeon Crawl Stone Soup version 0.30-a0-187-gd9c2deaf24 (webtiles) character file.

Game seed: 2653606986138539574

99 epen the Chiller (level 4, -1/32 HPs)
             Began as a Gnoll Ice Elementalist on Oct 3, 2022.
             Killed from afar by Grinder (17 damage)
             ... with a bolt of dispelling energy
             ... on level 4 of the Dungeon.
             The game lasted 00:05:14 (2862 turns).

epen the Chiller (Gnoll Ice Elementalist)           Turns: 2862, Time: 00:05:14

Health: -1/32      AC:  4    Str:  8    XL:     4   Next: 72%
Magic:  1/11       EV: 13    Int: 16    God:
Gold:   36         SH:  0    Dex: 12    Spells: 5/13 levels left

rFire   + . .      SeeInvis +    e - +1 dagger
rCold   . . .      Faith    .    (no shield)
rNeg    . . .      Spirit   .    x - +0 robe "Gaesah" {+Inv rF+ Will+}
rPois   .          Reflect  .    m - +0 helmet
rElec   .          Harm     .    (no cloak)
rCorr   .          Rampage  .    w - +0 pair of gloves
Will    +....                    (no boots)
Stlth   +++.......               (no amulet)
HPRegen 0.25/turn                u - ring of wizardry
MPRegen 0.12/turn                n - ring of see invisible

@: no status effects
A: fangs 1, strong nose, distributed training
a: Evoke Invisibility


You were on level 4 of the Dungeon.
You visited 1 branch of the dungeon, and saw 4 of its levels.

You collected 201 gold pieces.
You spent 165 gold pieces at shops.

Inventory:

Hand Weapons
 e - a +1 dagger (weapon)
Armour
 a - a +0 robe
 m - a +0 helmet (worn)
 o - the +4 ring mail of a sewer {rF- rCorr SInv}
   (You found it on level 2 of the Dungeon)

   rF:        It makes you vulnerable to fire.
   SInv:      It lets you see invisible.
   rCorr:     It protects you from acid and corrosion.
 w - a +0 pair of gloves (worn)
 x - the +0 robe "Gaesah" (worn) {+Inv rF+ Will+}
   (You bought it in a shop on level 2 of the Dungeon)

   rF:        It protects you from fire.
   +Inv:      It lets you turn invisible.
   Will:      It increases your willpower.
Jewellery
 l - a ring of flight
 n - a ring of see invisible (right hand)
 p - a ring of fire
 t - a ring of resist corrosion
 u - a ring of wizardry (left hand)
Scrolls
 c - a scroll of immolation
 d - a scroll of acquirement {unknown}
 h - a scroll of magic mapping
 q - a scroll of teleportation
Potions
 b - a potion of magic
 f - a potion of resistance
 g - a potion of haste
 i - 2 potions of curing
 j - a potion of degeneration {unknown}
 k - a potion of invisibility {unknown}
 r - a potion of attraction {unknown}
 s - a potion of flight {unknown}
 v - a potion of mutation {unknown}


   Skills:
 + Level 1.2 Fighting
 + Level 1.2 Short Blades
 + Level 1.2 Long Blades
 + Level 1.2 Axes
 + Level 1.2 Maces & Flails
 + Level 1.2 Polearms
 + Level 1.2 Staves
 + Level 1.2 Ranged Weapons
 + Level 1.2 Throwing
 + Level 1.2 Armour
 + Level 4.7 Dodging
 + Level 4.3 Stealth
 + Level 1.2 Shields
 + Level 1.2 Unarmed Combat
 + Level 5.1 Spellcasting
 + Level 1.0 Conjurations
 + Level 1.0 Hexes
 + Level 1.0 Summonings
 + Level 1.0 Necromancy
 + Level 1.0 Translocations
 + Level 1.0 Transmutations
 + Level 1.0 Fire Magic
 + Level 7.1 Ice Magic
 + Level 1.0 Air Magic
 + Level 1.0 Earth Magic
 + Level 1.0 Poison Magic
 + Level 1.4 Invocations
 + Level 1.2 Evocations


You had 5 spell levels left.
You knew the following spells:

 Your Spells              Type           Power      Damage    Failure   Level
a - Freeze                Ice            100%       1d11      1%          1
b - Frozen Ramparts       Ice            54%        1d9       1%          3
c - Summon Ice Beast      Ice/Summ       17%        N/A       12%         4

Your spell library contained the following spells:

 Spells                   Type           Power      Damage    Failure   Level
 Ozocubu's Armour         Ice            27%        N/A       1%          3
 Magic Dart               Conj           28%        1d4       4%          1
 Searing Ray              Conj           14%        2d5       6%          2
 Gell's Gravitas          Tloc           7%         N/A       12%         3
 Teleport Other           Tloc           7%         N/A       12%         3
 Fulminant Prism          Conj/Hex       3%         3d6       34%         4
 Dispersal                Tloc           3%         N/A       99%         6


Dungeon Overview and Level Annotations

Branches:
Dungeon (4/15)
 Temple: D:4-7

Altars:
Sif Muna
Wu Jian

Shops:
D:2 *[:

Annotations:
D:3 2 runed translucent doors, WhatIsLove's ghost, amateur DjCj
D:4 Grinder


Innate Abilities, Weirdness & Mutations

You have very sharp teeth.
Your uncanny sense of smell can sniff out nearby items.
Your experience applies equally to all skills.


Message History

A chill wind blows around you.
Grinder resists.
The wall freezes Grinder.
Grinder zaps a wand.
The bolt of dispelling energy misses you.
Grinder resists.
The wall freezes Grinder.
Grinder zaps a wand.
The bolt of dispelling energy misses you.
Your frozen ramparts will break if you move.
Continue?
Okay, then.
Your frozen ramparts will break if you move.
Continue?
The frozen ramparts melt away as you move.
Grinder blinks!
Your ice beast barely misses Grinder.
You hit Grinder.
Grinder is lightly wounded.
Grinder barely misses you.
Your ice beast closely misses Grinder.
Your magical contamination has completely faded away.
You hit Grinder.
Grinder is lightly wounded.
Grinder closely misses you.
You barely miss Grinder. You bite Grinder, but do no damage.
Grinder is lightly wounded.
Your ice beast hits Grinder but does no damage.
Grinder says, "Make like a tree!"
Grinder closely misses you.
Casting: Summon Ice Beast (quite dangerous; 12% risk of failure)
Confirm with . or Enter, or press ? or * to list all spells.
You don't have enough magic to cast this spell.
You barely miss Grinder.
Grinder is lightly wounded.
Your ice beast misses Grinder.
Grinder closely misses you.
You hit Grinder.
Grinder is lightly wounded.
Your ice beast barely misses Grinder.
Grinder zaps a wand.
The bolt of dispelling energy hits you!
Ouch! That really hurt!
You hit Grinder but do no damage.
Grinder is lightly wounded.
Your ice beast hits Grinder.
Your ice beast freezes Grinder.
Grinder resists.
Grinder zaps a wand.
The bolt of dispelling energy hits you!
Ouch! That really hurt!
You die...

#.###......#
##.# ....#.#
#..###.......
#............
#.....#....§.
#..#..#..≈≈§
#.......≈≈≈≈
#.#.###.≈≈_
#.Y@....≈§§≈
###5###.§≈≈§
..# ..§. ####
###


You could see Grinder (ally target) and a friendly ice beast (summoned).

Vanquished Creatures
  2 gnolls (D:1)
  An adder (D:4)
  2 worms
  An orc (D:3)
  7 ball pythons
  5 endoplasms
  6 giant cockroaches
  3 goblins (D:3)
  8 hobgoblins
  4 kobolds
  3 quokkas
  6 bats
  5 frilled lizards
  6 rats
59 creatures vanquished.

Notes
Turn   | Place    | Note
-------+----------+-------------------------------------------
     0 | D:1      | epen the Gnoll Ice Elementalist began the quest for the
                  | Orb.
     0 | D:1      | Reached XP level 1. HP: 13/13 MP: 6/6
   124 | D:1      | Reached XP level 2. HP: 19/19 MP: 5/7
   415 | D:1      | Reached skill level 5 in Spellcasting
   415 | D:1      | Reached XP level 3. HP: 15/25 MP: 4/9
   419 | D:1      | Learned a level 3 spell: Frozen Ramparts
   564 | D:1      | Reached skill level 1 in Invocations
   984 | D:1      | Reached skill level 1 in Fighting
   984 | D:1      | Reached skill level 1 in Short Blades
   984 | D:1      | Reached skill level 1 in Long Blades
   984 | D:1      | Reached skill level 1 in Axes
   984 | D:1      | Reached skill level 1 in Maces & Flails
   984 | D:1      | Reached skill level 1 in Polearms
   984 | D:1      | Reached skill level 1 in Staves
   984 | D:1      | Reached skill level 1 in Ranged Weapons
   984 | D:1      | Reached skill level 1 in Throwing
   984 | D:1      | Reached skill level 1 in Armour
   984 | D:1      | Reached skill level 1 in Shields
   984 | D:1      | Reached skill level 1 in Unarmed Combat
   984 | D:1      | Reached skill level 1 in Evocations
  1225 | D:1      | Found a faded altar of an unknown god.
  1456 | D:2      | Found Lebisuw's Vocational Training.
  1519 | D:2      | Found Muaso's Armour Emporium.
  1521 | D:2      | Identified the +4 ring mail of a sewer {rF- rCorr SInv}
  1565 | D:2      | Reached XP level 4. HP: 32/32 MP: 7/11
  1637 | D:2      | Found Hoas's Assorted Antiques.
  1840 | D:3      | Identified the +5 ring mail "Xeiddul" {+Blink rPois SInv}
  2000 | D:3      | Reached skill level 1 in Conjurations
  2000 | D:3      | Reached skill level 1 in Hexes
  2000 | D:3      | Reached skill level 1 in Summonings
  2000 | D:3      | Reached skill level 1 in Necromancy
  2000 | D:3      | Reached skill level 1 in Translocations
  2000 | D:3      | Reached skill level 1 in Transmutations
  2000 | D:3      | Reached skill level 1 in Fire Magic
  2000 | D:3      | Reached skill level 1 in Air Magic
  2000 | D:3      | Reached skill level 1 in Earth Magic
  2000 | D:3      | Reached skill level 1 in Poison Magic
  2043 | D:3      | Found a large runed translucent door.
  2043 | D:3      | Found a large runed translucent door.
  2044 | D:3      | Noticed WhatIsLove's ghost (amateur DjCj)
  2087 | D:3      | Found a shimmering blue altar of Sif Muna.
  2763 | D:2      | Bought a faintly humming robe for 165 gold pieces
  2763 | D:2      | Identified the +0 robe "Gaesah" {+Inv rF+ Will+} (You
                  | bought it in a shop on level 2 of the Dungeon)
  2819 | D:4      | Learned a level 4 spell: Summon Ice Beast
  2845 | D:4      | Noticed Grinder
  2846 | D:4      | Found an ornate altar of the Wu Jian Council.
  2862 | D:4      | Killed from afar by Grinder

Illustrated notes

Levels and vault maps discovered:
D:1:      ncdulo_halloftheorcs, layout_basic,
          shapermc_ecumenical_altar_mp_vishouse
D:2:      layout_rooms, serial_shops, shop, nicolae_diamond_shop,
          nicolae_shop_vocational
D:3:      layout_basic, mainiacjoe_overflow_cross_hatched,
          ebering_ghost_disaster_area, minmay_fractal_squares_gapless_5
D:4:      layout_loops_cross, mainiacjoe_overflow_catwalk, uniq_grinder,
          uniq_pikel

Skill      XL: |  1  2  3  4 |
---------------+-------------+-----
Spellcasting   | 5 |  5.1
Invocations    | 1 |  1.4
Fighting       | 1 |  1.2
Short Blades   | 1 |  1.2
Long Blades    | 1 |  1.2
Axes           | 1 |  1.2
Maces & Flails | 1 |  1.2
Polearms       | 1 |  1.2
Staves         | 1 |  1.2
Ranged Weapons | 1 |  1.2
Throwing       | 1 |  1.2
Armour         | 1 |  1.2
Shields        | 1 |  1.2
Unarmed Combat | 1 |  1.2
Evocations     | 1 |  1.2
Conjurations   | 1 |  1.0
Hexes          | 1 |  1.0
Summonings     | 1 |  1.0
Necromancy     | 1 |  1.0
Translocations | 1 |  1.0
Transmutations | 1 |  1.0
Fire Magic     | 1 |  1.0
Air Magic      | 1 |  1.0
Earth Magic    | 1 |  1.0
Poison Magic   | 1 |  1.0
Dodging        | |  4.7
Stealth        | |  4.3
Ice Magic      | |  7.1

Action                   |  1- 3 |  4- 6 || total
-------------------------+-------+-------++-------
Melee: Dagger            |    72 |    55 ||   127
       Unarmed           |     2 |       ||     2
       Bite              |     6 |     8 ||    14
 Cast: Freeze            |    20 |       ||    20
       Frozen Ramparts   |     5 |     6 ||    11
       Summon Ice Beast  |       |     1 ||     1
  Use: Scroll            |       |    10 ||    10
 Stab: Sleeping          |     4 |     1 ||     5
Armor: Robe              |    10 |     4 ||    14
       Ring mail         |       |    14 ||    14
Dodge: Dodged            |    67 |    33 ||   100

Table legend: (Time is in decaauts)
 A = Elapsed time spent in this place.
 B = Non-inter-level travel time spent in this place.
 C = Inter-level travel time spent in this place.
 D = Time resting spent in this place.
 E = Time spent auto-exploring this place.
 F = Levels seen in this place.
 G = Mean time per level.
                   A        B        C        D        E       F      G
               +--------+--------+--------+--------+--------+-----+--------+
         Total |   2854 |   2683 |    171 |      0 |   2192 |   4 |  713.5 |
       Dungeon |   2854 |   2683 |    171 |      0 |   2192 |   4 |  713.5 |
               +--------+--------+--------+--------+--------+-----+--------+

Top non-repeatable levels by time:
     D:1: 1340 daAuts
     D:3: 920 daAuts
     D:2: 540 daAuts
     D:4: 53 daAuts
